AoeStats
← Nero Cláudio

Arabia

507391827Analyzed
2v2 RM · 15d ago on Sep 18, 2026· 24m 6s· 4 players
Game mode
Random Map
Map size
Medium (4 player)
Population
200
Speed
Normal
Resources
Standard
Victory
Conquest
Starting age
Dark Age
Ending age
Imperial Age
RankedLock teamsTeams togetherTeam positionsShared explorationLock speedFull tech treeHidden civsTurbo modeCheats
Victory
Defeat
🇦🇷 Japanese · Argentina
920
+10
🇦🇷 Persians · Argentina
690
+19
🇧🇷 Romans · Brazil
919
-62
🇧🇷 Franks · Brazil
639
-9
Nero Cláudio
11:09 Feudal Age
12:20 Double-Bit Axe
17:44 Man-at-Arms
20:40 Wheelbarrow
23:31 Horse Collar
23:46 Stone Mining
23:48 Gold Mining
kentane
12:13 Feudal Age
13:02 Double-Bit Axe
17:25 Forging
24:18 Castle Age
Kenny
8:54 Loom
12:07 Feudal Age
13:58 Loom
16:59 Castle Age
14:46 Loom
15:25 Double-Bit Axe
16:01 Horse Collar
16:22 Gold Mining
18:07 Scale Mail Armor
18:05 Horse Collar
20:00 Forging
Güemes ⚔
2:52 Loom
9:14 Feudal Age
13:04 Wheelbarrow
12:28 Double-Bit Axe
13:31 Horse Collar
Connection lost

Rejoining the realm…

Still unreachable

The connection could not be restored.

Session expired

The server has moved on; the page needs a fresh start.